 Dungeon Crawl Stone Soup version 0.31.0-9-g3a7656b989 (webtiles) character file.

Game seed: 1215044666874143875

219 qw the Shooter (level 5, -3/26 HPs)
             Began as a Spriggan Hunter on Feb 3, 2024.
             Incinerated by a bombardier beetle (5 damage)
             ... with a burning spray
             ... on level 3 of the Dungeon.
             The game lasted 00:00:32 (1495 turns).

qw the Shooter (Spriggan Hunter)                    Turns: 1495, Time: 00:00:33

Health: -3/26      AC:  3    Str: 13    XL:     5   Next: 64%
Magic:  6/6        EV: 20    Int: 11    God:
Gold:   110        SH:  0    Dex: 20    Spells: 4/4 levels left

rFire   . . .        a - +0 shortbow
rCold   + . .        (shield currently unavailable)
rNeg    . . .        e - +1 robe {Will+}
rPois   .            (helmet restricted)
rElec   .            (no cloak)
rCorr   .            (gloves unavailable)
SInv    +            (boots unavailable)
Will    +....        (no amulet)
Stlth   +            f - ring of protection from cold
HPRegen 0.24/turn    c - +6 ring of strength
MPRegen 0.10/turn

%: no passive effects
@: on fire, glowing, very quick
A: very small, no large weapons, unfitting armour, see invisible, speed 3
a: no special abilities


You were on level 3 of the Dungeon.
You visited 1 branch of the dungeon, and saw 3 of its levels.

You collected 110 gold pieces.


Innate Abilities, Weirdness & Mutations

You are very small and have problems with some larger weapons.
You are too small for most types of armour.
You have supernaturally acute eyesight. (SInv)
You cover ground extremely quickly. (Speed+++)


   Skills:
 - Level 2.2 Fighting
 + Level 5.8 Ranged Weapons
 - Level 5.0 Dodging
 - Level 1.5 Stealth


You had 4 spell levels left.
You didn't know any spells.
Your spell library was empty.

Inventory:

Hand Weapons
 a - a +0 shortbow (weapon)
Armour
 e - a +1 robe of willpower (worn)
Jewellery
 c - a +6 ring of strength (right hand)
 f - a ring of protection from cold (left hand)
 Y - a ring of positive energy
Wands
 d - a wand of paralysis (12)
 g - a wand of flame (17)
 h - a wand of roots (10)
Potions
 b - a potion of enlightenment {unknown}

Dungeon Overview and Level Annotations

Branches:
Dungeon (3/15)

Altars:


Message History

You see here an adder corpse.
You shoot an arrow.
The arrow closely misses the ball python.
A bombardier beetle comes into view.
You shoot an arrow. The arrow hits the ball python.
The ball python is moderately wounded.
You shoot an arrow. The arrow hits the ball python!
You kill the ball python!
You shoot an arrow. The arrow hits the bombardier beetle!
The bombardier beetle is moderately wounded.
You shoot an arrow.
The arrow barely misses the bombardier beetle.
You shoot an arrow. The arrow hits the bombardier beetle!
The bombardier beetle is almost dead.
You shoot an arrow.
The arrow hits the bombardier beetle but does no damage.
The bombardier beetle is almost dead.
A giant cockroach comes into view.
The bombardier beetle sprays incendiary fluid at you.
The burning spray hits you.
You are covered in liquid fire!
You shoot an arrow.
The arrow hits the bombardier beetle but does no damage.
The bombardier beetle is almost dead.
The liquid fire burns you!
The bombardier beetle sprays incendiary fluid at you.
The burning spray misses you.
You shoot an arrow. The arrow hits the giant cockroach!
You kill the giant cockroach!
The liquid fire burns you!
You shoot an arrow. The arrow hits the bombardier beetle.
You kill the bombardier beetle!
The liquid fire burns you!
You are on fire!
The liquid fire burns you!
You are on fire!
The liquid fire burns you!
You are on fire!
The liquid fire burns you!
You die...

## .. .. ....# .##
#. #...# ....##%
#..[# ## [.%.. #...#
...
..###..#####...##.##
.......@............
...##....)..........
#.#.............
#.######...##... .
#...# ## #..># #...#
###...# #....##


There were no monsters in sight!

Vanquished Creatures
  A bombardier beetle (D:3)
  An orc priest (D:3)
  Jessica (D:3)
  Robin (D:2)
  6 adders
  2 dart slugs (D:2)
  4 orcs (D:3)
  2 bats (D:2)
  4 endoplasms
  2 giant cockroaches
  9 goblins
  11 hobgoblins
  5 kobolds
  A quokka (D:2)
  6 ball pythons
  3 rats
59 creatures vanquished.

Notes
Turn   | Place    | Note
-------+----------+-------------------------------------------
     0 | D:1      | qw the Spriggan Hunter began the quest for the Orb.
     0 | D:1      | Reached XP level 1. HP: 10/10 MP: 2/2
     0 | D:1      | 0 ||| qw: Version: 0.3-a-155-g5e7d8dd
     0 | D:1      | 0 ||| qw: Game counter: 2914
     0 | D:1      | 0 ||| qw: Melee chars always use a shield: true
     0 | D:1      | 0 ||| qw: God list: Okawaru
     0 | D:1      | 0 ||| qw: Allow faded altars: false
     0 | D:1      | 0 ||| qw: Do Orc after clearing Dungeon:15 true
     0 | D:1      | 0 ||| qw: Do second Lair branch before Depths: true
     0 | D:1      | 0 ||| qw: Lair rune preference: random
     0 | D:1      | 0 ||| qw: Goals: Normal
     0 | D:1      | 0 ||| PLANNING D:1-11
    73 | D:1      | Reached skill level 3 in Dodging
   269 | D:1      | Reached XP level 2. HP: 14/14 MP: 3/3
   590 | D:1      | 590 ||| UPGRADING to +1 robe of willpower.
   600 | D:1      | 600 ||| DROPPING +0 robe.
   601 | D:1      | 601 ||| READING 2 scrolls labelled JUTUCZ NAUGE.
   601 | D:1      | 601 ||| IDENTIFYING red potion
   602 | D:1      | 602 ||| READING scroll of identify.
   602 | D:1      | 602 ||| IDENTIFYING ruby potion
   603 | D:1      | 603 ||| READING scroll labelled BUQEG VEINT.
   604 | D:1      | 604 ||| READING scroll labelled XAIH MIOQOOMO.
   632 | D:1      | 632 ||| DROPPING scroll of butterflies.
   633 | D:1      | 633 ||| DROPPING potion of lignification.
   764 | D:2      | HP: 3/14 [poisoned by an adder]
   765 | D:2      | 765 ||| DRINKING potion of heal wounds.
   769 | D:2      | Reached XP level 3. HP: 12/18 MP: 4/4
  1060 | D:2      | Reached XP level 4. HP: 22/22 MP: 5/5
  1086 | D:2      | Noticed Robin
  1103 | D:2      | Killed Robin
  1105 | D:2      | HP: 4/22 [hobgoblin[Robin] (5)]
  1110 | D:2      | HP: 4/22 [goblin/+0 club[Robin] (1)]
  1212 | D:2      | Found Woishad's Weapon Shoppe.
  1235 | D:2      | 1235 ||| UPGRADING to ring of positive energy.
  1236 | D:2      | 1236 ||| UPGRADING to +6 ring of strength.
  1237 | D:2      | 1237 ||| UPGRADING to ring of protection from cold.
  1239 | D:2      | 1239 ||| READING 2 scrolls of identify.
  1239 | D:2      | 1239 ||| IDENTIFYING black potion
  1240 | D:2      | 1240 ||| READING scroll of identify.
  1240 | D:2      | 1240 ||| IDENTIFYING scroll labelled BIONIY SAXIGY
  1241 | D:2      | 1241 ||| DROPPING scroll of vulnerability.
  1242 | D:2      | 1242 ||| DROPPING potion of magic.
  1273 | D:3      | 1273 ||| STAIRDANCE
  1293 | D:3      | 1293 ||| STAIRDANCE
  1333 | D:3      | 1333 ||| STAIRDANCE
  1373 | D:3      | Reached XP level 5. HP: 26/26 MP: 6/6
  1473 | D:3      | Noticed Jessica
  1479 | D:3      | Killed Jessica
  1493 | D:3      | HP: 5/26 [burnt (6)]
  1494 | D:3      | HP: 2/26 [burnt (4)]
  1495 | D:3      | Incinerated by a bombardier beetle

Levels and vault maps discovered:
D:1:      denvon_arrival_planthouse, layout_loops_ring
D:2:      layout_basic, serial_shops, nicolae_shop_peninsula, uniq_robin
D:3:      wander_river, layout_loops_cross,
          hellmonk_ecumenical_altar_slurped_away, serial_park_tiny_2, uniq_ijyb,
          uniq_jessica, uniq_terence

Skill      XL: |  1  2  3  4 |
---------------+-------------+-----
Dodging        | 3 4 5 |  5.0
Ranged Weapons | 5 |  5.8
Fighting       | 2 |  2.2
Stealth        | |  1.5

Action                     |  1- 3 |  4- 6 || total
---------------------------+-------+-------++-------
   Fire: Shortbow          |    74 |    85 ||   159
    Use: Scroll            |     4 |     2 ||     6
         Potion            |     1 |       ||     1
 Armour: Robe              |    12 |    25 ||    37
  Dodge: Dodged            |    20 |   120 ||   140

Table legend:
 A = Non-vault XP
 B = Vault XP
 C = Vault XP percentage of total XP
 D = Non-vault monster count
 E = Vault monster count
 F = Vault count percentage of total count
                 A         B        C        D         E       F
            +---------+---------+-------+---------+---------+-------
      Total |     238 |      76 |  24.2 |      45 |      14 |  23.7
            +---------+---------+-------+---------+---------+-------
        D:1 |      14 |       0 |   0.0 |       9 |       0 |   0.0
        D:2 |     106 |      39 |  26.9 |      27 |      13 |  32.5
        D:3 |     118 |      37 |  23.9 |       9 |       1 |  10.0
            +---------+---------+-------+---------+---------+-------
